 Dungeon Crawl Stone Soup version 0.32-a0-921-g04a7ad8e02 (webtiles) character file.

Game seed: 16486052665271866994

1176 Autsider the Apothecary (level 8, -4/42 HPs)
             Began as a Spriggan Alchemist on Apr 12, 2024.
             Slain by an ogre
             ... wielding a +0 giant club
              (28 damage)
             ... on level 5 of the Dungeon.
             The game lasted 00:12:18 (5927 turns).

Autsider the Apothecary (Spriggan Alchemist)        Turns: 5927, Time: 00:12:18

Health: -4/42      AC:  2    Str:  4    XL:     8   Next: 18%
Magic:  10/14      EV: 16    Int: 18    God:
Gold:   287        SH:  0    Dex: 16    Spells: 5/13 levels left

rFire   . . .        s - +0 orcbow
rCold   . . .        (shield currently unavailable)
rNeg    . . .        a - +0 robe
rPois   .            (helmet restricted)
rElec   .            (no cloak)
rCorr   .            (gloves unavailable)
SInv    +            (boots unavailable)
Will    ++...        e - amulet of regeneration
Stlth   ++           d - ring of willpower
HPRegen 1.07/turn    (no ring)
MPRegen 0.14/turn

%: no passive effects
@: very quick
A: very small, no large weapons, unfitting armour, see invisible, speed 3
a: no special abilities


You were on level 5 of the Dungeon.
You visited 1 branch of the dungeon, and saw 5 of its levels.
You also visited: Ossuary.

You collected 287 gold pieces.

Inventory:

Hand Weapons
 s - a +0 orcbow (weapon)
Missiles
 j - a throwing net
Armour
 a - a +0 robe (worn)
Jewellery
 d - a ring of willpower (left hand)
 e - an amulet of regeneration (around neck)
 m - a ring of fire
 t - a ring of fire
Talismans
 k - a beast talisman
Wands
 n - a wand of flame (19)
Scrolls
 c - a scroll of fear
 f - 5 scrolls of teleportation {@r2}
 g - a scroll of enchant weapon
 i - 2 scrolls of immolation
 l - 3 scrolls of amnesia
 o - a scroll of poison
 q - 3 scrolls of noise
 r - a scroll of brand weapon
 y - a scroll of enchant armour
 B - a scroll of vulnerability
 C - a scroll of acquirement {unknown}
Potions
 b - 2 potions of magic
 h - 2 potions of heal wounds {@q2}
 p - 2 potions of might
 u - a potion of lignification
 v - 2 potions of invisibility
 w - a potion of degeneration {unknown}
 x - 2 potions of attraction {unknown}
 z - a potion of curing {unknown}
 A - a potion of enlightenment {unknown}


   Skills:
 + Level 4.2 Fighting
 - Level 3.0 Dodging
 - Level 3.0 Stealth
 + Level 3.4 Spellcasting
 - Level 0.6 Conjurations
 * Level 3.8 Fire Magic
 + Level 7.6 Alchemy


You had 5 spell levels left.
You knew the following spells:

 Your Spells              Type           Power      Damage    Failure   Level
a - Sticky Flame          Fire/Alch      23%        2d6       16%         4
b - Olgreb's Toxic Radia  Alch           30%        N/A       7%          4

Your spell library contained the following spells:

 Spells                   Type           Power      Damage    Failure   Level
 Sting                    Conj/Alch      68%        1d7       3%          1
 Mercury Vapours          Alch/Air       32%        N/A       4%          2
 Mephitic Cloud           Conj/Alch/Air  12%        N/A       16%         3
 Maxwell's Portable Pile  Tloc           3%         2d(5-14)  43%         3
 Arcjolt                  Conj/Air       2%         1d12      98%         5
 Maxwell's Capacitive Co  Air            1%         ∞         100%        8


Dungeon Overview and Level Annotations

Branches:
Dungeon (5/15)            Ossuary (visited)
 Temple: D:4-7

Altars:


Innate Abilities, Weirdness & Mutations

You are very small and have problems with some larger weapons.
You are too small for most types of armour.
You have supernaturally acute eyesight. (SInv)
You cover ground extremely quickly. (Speed+++)


Message History

You shoot an arrow.
The arrow hits the iguana but does no damage.
The iguana hisses angrily.
You shoot an arrow. The arrow hits the iguana!
The iguana is heavily wounded.
Casting: Sticky Flame (quite dangerous; 16% risk of failure)
Confirm with . or Enter, or press ? or * to list all spells.
You begin to radiate toxic energy.
The iguana is poisoned.
The iguana looks even sicker.
You kill the iguana!
No target in view!
Your toxic aura wanes.
A quokka comes into view.
You shoot an arrow. The arrow barely misses the quokka.
You shoot an arrow. The arrow barely misses the quokka.
Casting: Olgreb's Toxic Radiance (quite dangerous; 7% risk of failure)
Confirm with . or Enter, or press ? or * to list all spells.
You begin to radiate toxic energy.
The quokka is poisoned.
You kill the quokka!
No target in view!
Your toxic aura wanes.
f - 5 scrolls of teleportation {@r2} (gained 1)
An ogre comes into view. It is wielding a +0 giant club.
An ogre is nearby!
Casting: Olgreb's Toxic Radiance (quite dangerous; 7% risk of failure)
Confirm with . or Enter, or press ? or * to list all spells.
You begin to radiate toxic energy.
The ogre is poisoned.
You shoot an arrow. The arrow hits the ogre.
The ogre is heavily wounded.
Your toxic aura wanes.
You shoot an arrow. The arrow hits the ogre.
The ogre is severely wounded.
The ogre barely misses you.
You shoot an arrow. The arrow barely misses the ogre.
The ogre hits you with a +0 giant club!!
* * * LOW HITPOINT WARNING * * *
The ogre attacks as it pursues you!
The ogre hits you with a +0 giant club!!
Ouch! That really hurt!
You die...

...#..##>...........#### #.#
#..#..##...#.#.........# #..
...#.................### #.##
#....................## ###...
#.....#.#..###....)#..# #.....
...........# #.....##.########...
#......##### ##..[.##...#........
#......# #....####.#.###..##
.......# #.@..# #.#.# #..#
#......# ###O...####...###..##
......## #.......................
......# #.####....#####..##.....
...#..# .# #....# #..###...#
...#..# .# #....#####..###....
#..#..####.# #..................
#........#.#####...............#.
...................##.##..###.##.


You could see an ogre (poisoned).

Vanquished Creatures
  A water moccasin (D:5)
  A black bear (D:4)
  An ogre (D:5)
  A centaur (D:3)
  An elf zombie (Ossuary)
  4 scorpions
  A hound (D:4)
  A jelly (D:4)
  An iguana (D:5)
  5 scorpion zombies (Ossuary)
  3 mummies (Ossuary)
  8 gnolls
  9 adders
  5 adder zombies (Ossuary)
  3 ribbon worms
  A dart slug (D:5)
  2 orcs
  2 bats (D:3)
  6 endoplasms
  3 giant cockroaches
  2 gnoll zombies (Ossuary)
  9 hobgoblins
  11 jackals
  4 quokkas
  7 ball pythons
  2 goblins
  4 jackal zombies (Ossuary)
  6 kobolds
  4 rats
108 creatures vanquished.

Notes
Turn   | Place    | Note
-------+----------+-------------------------------------------
     0 | D:1      | Autsider the Spriggan Alchemist began the quest for the
                  | Orb.
     0 | D:1      | Reached XP level 1. HP: 9/9 MP: 5/5
   285 | D:1      | Reached XP level 2. HP: 14/14 MP: 3/6
   793 | D:1      | Reached skill level 1 in Fighting
  1340 | D:2      | Reached XP level 3. HP: 18/18 MP: 5/8
  1383 | D:2      | Reached skill level 4 in Alchemy
  1773 | D:2      | Reached XP level 4. HP: 23/23 MP: 6/9
  1785 | D:2      | Learned a level 4 spell: Olgreb's Toxic Radiance
  2120 | D:2      | Found a faded altar of an unknown god.
  2857 | D:3      | Noticed a centaur
  2869 | D:3      | Killed a centaur
  2870 | D:3      | Reached skill level 5 in Alchemy
  2870 | D:3      | Reached XP level 5. HP: 22/28 MP: 0/10
  3074 | D:3      | Reached XP level 6. HP: 32/32 MP: 6/11
  3997 | D:4      | Reached skill level 6 in Alchemy
  4327 | D:4      | Reached XP level 7. HP: 37/37 MP: 7/12
  4528 | D:5      | Entered Level 5 of the Dungeon
  4579 | D:5      | Learned a level 4 spell: Sticky Flame
  4637 | D:5      | Found a sand-covered staircase.
  4703 | Ossuary  | Entered an ossuary
  4821 | Ossuary  | Reached skill level 1 in Fire Magic
  4938 | Ossuary  | Reached skill level 7 in Alchemy
  5448 | D:5      | Reached XP level 8. HP: 42/42 MP: 8/13
  5927 | D:5      | Slain by an ogre

Illustrated notes

Levels and vault maps discovered:
D:1:      dpeg_arrival_more_subterranean_lakeside_camping, layout_basic
D:2:      layout_basic, ebering_ecumenical_altar_abandoned
D:3:      layout_basic, kennysheep_generic_room_3
D:4:      layout_basic
D:5:      layout_basic, enter_ossuary_1

Skill      XL: |  1  2  3  4  5  6  7 |
---------------+----------------------+-----
Dodging        | 3 |  3.0
Spellcasting   | 3 |  3.4
Fighting       | 1 2 3 4 |  4.2
Alchemy        | 4 5 6 7 |  7.6
Fire Magic     | 3 |  3.8
Stealth        | |  3.0
Conjurations   | |  0.6

Action                     |  1- 3 |  4- 6 |  7- 9 || total
---------------------------+-------+-------+-------++-------
  Melee: Unarmed           |    49 |    14 |       ||    63
   Fire: Orcbow            |       |    51 |   161 ||   212
   Cast: Sting             |    59 |    22 |       ||    81
         Olgreb's Toxic Ra |       |    22 |    11 ||    33
         Sticky Flame      |       |       |     1 ||     1
    Use: Scroll            |       |       |    14 ||    14
 Armour: Robe              |    20 |    19 |    48 ||    87
  Dodge: Dodged            |    50 |    41 |   106 ||   197

Table legend: (Time is in decaauts)
 A = Elapsed time spent in this place.
 B = Non-inter-level travel time spent in this place.
 C = Inter-level travel time spent in this place.
 D = Time resting spent in this place.
 E = Time spent auto-exploring this place.
 F = Levels seen in this place.
 G = Mean time per level.
                   A        B        C        D        E       F      G
               +--------+--------+--------+--------+--------+-----+--------+
         Total |   4637 |   4547 |     90 |    236 |   3407 |   6 |  772.8 |
       Dungeon |   4117 |   4027 |     90 |    108 |   3326 |   5 |  823.4 |
       Ossuary |    519 |    519 |      0 |    128 |     81 |   1 |  519.0 |
               +--------+--------+--------+--------+--------+-----+--------+

Top non-repeatable levels by time:
     D:2: 986 daAuts
     D:3: 922 daAuts
     D:1: 836 daAuts
     D:4: 725 daAuts
     D:5: 646 daAuts
 Ossuary: 519 daAuts
